 Dungeon Crawl Stone Soup version 0.13.0-18-g7b03ea5 (console) character file.

455 PoTaTo the Cudgeler (level 5, -1/46 HPs)
             Began as a Minotaur Fighter on Oct 23, 2013.
             Slain by a gnoll
             ... wielding a +0,+0 spear
              (2 damage)
             ... on Level 3 of the Dungeon.
             The game lasted 00:17:15 (2276 turns).

PoTaTo the Cudgeler (Minotaur Fighter)              Turns: 2276, Time: 00:17:15

HP  -1/46        AC 12     Str 26      XL: 5   Next: 89%
MP   1/1         EV  5     Int  5      God:
Gold 203         SH 20     Dex 10      Spells:  0 memorised,  4 levels left

Res.Fire  : . . .   See Invis. : .   A - -1,+1 orc flail
Res.Cold  : . . .   Warding    : .   s - +0 dwarf chain mail
Life Prot.: . . .   Conserve   : .   c - +0 shield
Res.Poison: .       Res.Corr.  : .   (helmet restricted)
Res.Elec. : .       Clarity    : .   q - +0 cloak
Sust.Abil.: . .     Spirit.Shd : .   (no gloves)
Res.Mut.  : .       Stasis     : .   m - +0 pair of orc boots
Res.Rott. : .       Flight     : .   (no amulet)
Saprovore : . . .                    (no ring)
                                     (no ring)

@: mighty, mildly poisoned, glowing, slightly resistant to hostile enchantments,
extremely unstealthy
A: retaliatory headbutt, horns 2
a: no special abilities


You were on level 3 of the Dungeon.
You were not hungry.

You visited 1 branch of the dungeon, and saw 3 of its levels.

You collected 183 gold pieces.

Inventory:

Hand weapons
 a - a +0,+0 mace
 n - a +2,+1 dwarven mace
 r - a +0,+0 hammer
 A - a -1,+1 orcish flail (weapon)
 C - a +1,+0 elven dagger of venom (quivered)
Armour
 c - a +0 shield (worn)
 m - a +0 pair of orcish boots (worn)
 q - a +0 cloak (worn)
 s - a +0 dwarven chain mail (worn)
 w - a +0 plate armour
Comestibles
 d - 5 bread rations
 l - 2 meat rations
 x - an apple
Scrolls
 b - a scroll of fog {unknown}
 e - 2 scrolls of fear {unknown}
 f - a scroll of enchant armour {unknown}
 g - 5 scrolls of teleportation {unknown}
 i - a scroll of curse armour {unknown}
 j - 2 scrolls of magic mapping {unknown}
 k - 3 scrolls of identify {unknown}
 o - a scroll of noise {unknown}
 p - 2 scrolls of random uselessness {unknown}
 u - a scroll of blinking {unknown}
 y - a scroll of remove curse {unknown}
Potions
 t - a potion of restore abilities {unknown}
 v - a potion of poison
 z - a potion of speed {unknown}
 B - a potion of invisibility {unknown}


   Skills:
 - Level 3.6 Fighting
 + Level 7.5 Maces & Flails
 - Level 3.6 Armour
 - Level 3.6 Shields


You had 4 spell levels left.
You didn't know any spells.

Dungeon Overview and Level Annotations

Branches:
Dungeon (3/27)

Altars:


Innate Abilities, Weirdness & Mutations

You reflexively headbutt those who attack you in melee.
You have a pair of horns on your head.


Message History

The gnoll hits you but does no damage. You block the gnoll's attack.
Drink which item? (? for menu, Esc to quit)
That liquid tasted very nasty...
You are poisoned.
It was a potion of poison.
The gnoll hits you with a flail.
* * * LOW HITPOINT WARNING * * *
You block the gnoll's attack.
Your shield and chain mail prevent you from hitting the gnoll.
Your headbutt misses the gnoll.
The gnoll is moderately wounded.
* * * LOW HITPOINT WARNING * * *
You feel sick. The gnoll hits you with a flail.
* * * LOW HITPOINT WARNING * * *
The gnoll hits you but does no damage. You block the gnoll's attack.
The gnoll hits you but does no damage.
Drink which item? (? for menu, Esc to quit)
You feel mightier all of a sudden.
* * * LOW HITPOINT WARNING * * *
You feel sick.
The gnoll hits you from afar with a spear.
You die...

#######...%%g##.#......####
######g##.#......# #########
#.g..#......#### ........#
#g%..#......<.<. ........#
#g...##.######## ........#
#g...##.######## ........#
#.gg.##.........
........##########ggg.###########
................@gggg.# #######
...........##########.# #.....#
...........# #.# #.....#
..[........# #.# #......
......%....# ########.### ##.####
########...# #..........# #.#
########...# #).........# #.#
...........# #......>..<# #.#
.#######...# #..........# #.#


You could see 9 gnolls.

Vanquished Creatures
  Crazy Yiuf (D:2)
  A gnoll shaman (D:3)
  A hound (D:3)
  2 gnolls (D:3)
  7 adders
  A giant mite (D:2)
  2 giant geckos
  An orc (D:3)
  A ball python (D:2)
  7 bats
  8 giant cockroaches
  9 goblins
  5 hobgoblins
  12 kobolds
  A quokka (D:2)
  5 giant newts
  8 jackals
  6 rats
78 creatures vanquished.

Notes
Turn   | Place    | Note
--------------------------------------------------------------
     0 | D:1      | PoTaTo, the Minotaur Fighter, began the quest for the Orb.
     0 | D:1      | Reached XP level 1. HP: 19/19 MP: 0/0
   180 | D:1      | Reached XP level 2. HP: 19/26 MP: 0/0
   468 | D:1      | Reached skill level 4 in Maces & Flails
   942 | D:2      | Reached XP level 3. HP: 33/33 MP: 1/1
  1088 | D:2      | Reached skill level 5 in Maces & Flails
  1147 | D:2      | Noticed Crazy Yiuf
  1155 | D:2      | Killed Crazy Yiuf
  1155 | D:2      | Reached XP level 4. HP: 36/39 MP: 1/1
  1511 | D:2      | Reached skill level 6 in Maces & Flails
  1813 | D:3      | Reached XP level 5. HP: 37/46 MP: 1/1
  1916 | D:3      | Reached skill level 7 in Maces & Flails
  2275 | D:3      | HP: 2/46 [gnoll/flail (2)]
  2276 | D:3      | Slain by a gnoll

Action                   |  1- 3 |  4- 6 || total
-------------------------+-------+-------++-------
Melee: Mace              |    97 |   103 ||   200
       Flail             |       |     8 ||     8
Throw: Dagger            |       |     1 ||     1
  Use: Potion            |       |     3 ||     3
